 Dungeon Crawl Stone Soup version 0.25-a0-545-ge4db218afc (webtiles) character file.

Game seed: 4191149295475615678, levelgen mode: deterministic

33084 Jannitor the Cleaver (level 13, -2/70 HPs)
             Began as a Vine Stalker Fighter on Feb 21, 2020.
             Was a High Priest of Makhleb.
             Slain by an 11-headed hydra (5 damage)
             ... summoned by a boggart
             ... on level 6 of the Lair of Beasts.
             The game lasted 00:21:52 (13601 turns).

Jannitor the Cleaver (Vine Stalker Fighter)        Turns: 13601, Time: 00:21:52

Health: -2/70      AC: 12    Str: 24    XL:     13   Next: 68%
Magic:  0/20       EV: 14    Int:  8    God:    Makhleb [*****.]
Gold:   844        SH: 12    Dex: 14    Spells: 12/12 levels left

rFire    . . .     SeeInvis .   U - +4 broad axe (venom)
rCold    . . .     Gourm    .   c - +0 kite shield
rNeg     . . .     Faith    +   F - +0 acid dragon scales
rPois    +         Spirit   +   P - +2 hat
rElec    .         Reflect  .   G - +0 cloak
rCorr    +         Harm     .   r - +0 pair of gloves
MR       ++...                  (no boots)
Stlth    +.........             z - amulet of faith
HPRegen  1.01/turn              C - ring of protection from magic
MPRegen  0.17/turn              w - ring of resist corrosion

@: studying Earth Magic
A: fangs 3, mutation resistance 1, poison resistance, regeneration 2, magic
shield, antimagic bite, no potion heal 3, rot immunity
a: Minor Destruction, Lesser Servant of Makhleb, Major Destruction, Greater
Servant of Makhleb, Renounce Religion


You were on level 6 of the Lair of Beasts.
You worshipped Makhleb.
Makhleb was extremely pleased with you.
You were not hungry.

You visited 2 branches of the dungeon, and saw 17 of its levels.

You collected 1066 gold pieces.
You spent 222 gold pieces at shops.

Inventory:

Hand Weapons
 a - a +0 vampiric war axe
 H - a +2 vorpal broad axe
 U - a +4 broad axe of venom (weapon)
Missiles
 o - 28 poisoned darts (quivered)
Armour
 b - a +0 scale mail
 c - a +0 kite shield (worn)
 q - a +0 helmet
 r - a +0 pair of gloves (worn)
 F - +0 acid dragon scales (worn)
 G - a +0 cloak (worn)
 P - a +2 hat (worn)
Jewellery
 h - an uncursed ring of stealth
 t - an uncursed ring of positive energy
 w - a ring of resist corrosion (right hand)
 y - an uncursed ring of positive energy
 z - an amulet of faith (around neck)
 A - an uncursed ring of flight
 C - a ring of protection from magic (left hand)
 V - an uncursed amulet of regeneration {unknown}
Wands
 d - a wand of digging (5)
 k - a wand of random effects (12)
 m - a wand of iceblast (2)
 n - a wand of enslavement (7)
 v - a wand of disintegration (9)
 E - a wand of polymorph (19)
 K - a wand of scattershot (5)
 L - a wand of acid (5)
Scrolls
 i - 14 scrolls of identify
 j - 2 scrolls of amnesia
 l - 6 scrolls of enchant armour
 u - 3 scrolls of immolation
 x - 5 scrolls of remove curse
 D - a scroll of fog
 J - a scroll of brand weapon
 O - a scroll of fear {unknown}
 T - a scroll of acquirement
 W - a scroll of enchant weapon {unknown}
Potions
 e - 8 potions of curing
 g - 2 potions of ambrosia
 p - 4 potions of flight
 s - a potion of invisibility
 B - a potion of heal wounds
 I - 2 potions of haste
 M - a potion of magic
 N - 3 potions of mutation
 R - 2 potions of stabbing {unknown}
Books
 S - a manual of Earth Magic
Comestibles
 f - 36 rations
 Q - 2 chunks of flesh


   Skills:
 + Level 8.8 Fighting
 * Level 11.3 Axes
 + Level 8.0 Armour
 + Level 7.2 Dodging
 + Level 8.9 Shields
 + Level 8.6 Invocations


You had 12 spell levels left.
You didn't know any spells.
Your spell library contained the following spells:

 Spells                   Type           Power        Failure   Level  Hunger
 Animate Skeleton         Necr           N/A          75%         1    ##.....
 Pain                     Necr           #...         75%         1    ##.....
 Sandblast                Erth           #.....       75%         1    ##.....
 Blink                    Tloc           N/A          86%         2    ###....
 Passwall                 Tmut/Erth      #.......     86%         2    ###....
 Shroud of Golubria       Chrm/Tloc      #.....       86%         2    ###....
 Gell's Gravitas          Tloc           #.........   98%         3    ####...
 Ignite Poison            Fire/Tmut/Pois #.......     98%         3    ####...
 Lesser Beckoning         Tloc           #.........   98%         3    ####...
 Stone Arrow              Conj/Erth      #.....       98%         3    ####...
 Teleport Other           Tloc           #.......     98%         3    ####...
 Vampiric Draining        Necr           #.........   98%         3    ####...
 Animate Dead             Necr           N/A          100%        4    #####..
 Passage of Golubria      Tloc           N/A          100%        4    #####..
 Petrify                  Tmut/Erth      #.......     100%        4    #####..
 Agony                    Necr           #.......     100%        5    ######.
 Fireball                 Conj/Fire      #.........   100%        5    ######.
 Lee's Rapid Deconstruct  Erth           #.........   100%        5    ######.
 Starburst                Conj/Fire      #.........   100%        6    #######
 Ring of Flames           Chrm/Fire      #.........   100%        7    #######
 Ignition                 Fire           #.........   100%        8    #######


Dungeon Overview and Level Annotations

Branches:
Dungeon (11/15)            Temple (0/1) D:4            Lair (6/6) D:11
 Shoals (0/4) Lair:4        Slime (0/5) Lair:5          Orc (0/2) D:9
  Snake: Lair:2-4    Spider: Lair:2-4

Altars:
Dithmenos
Fedhas
Hepliaklqana
Makhleb
Nemelex Xobeh
Okawaru
Qazlal
Ru
Sif Muna
Vehumet
Wu Jian
Zin
Jiyva

Shops:
D:5 :(((!   D:7 :   D:8 *

Annotations:
D:4 Pikel
D:7 exclusion: door
Lair:1 1 runed translucent door, zaran's ghost, journeyman DrTm


Innate Abilities, Weirdness & Mutations

You have razor-sharp teeth.
You heal very quickly.
When hurt, damage is shared between your health and your magic reserves.
Your bite disrupts and absorbs the magic of your enemies.
Potions cannot restore your health.
You are immune to rotting.
You are somewhat resistant to further mutation.
Your system is resistant to poisons. (rPois)


Message History

The 11-headed hydra bites you but does no damage.
You block the 11-headed hydra's attack. x2; The 11-headed hydra bites you.
The 11-headed hydra bites you! The 11-headed hydra bites you.
The 11-headed hydra bites you but does no damage.
The 11-headed hydra bites you!
* * * LOW HITPOINT WARNING * * *
The 11-headed hydra barely misses you.
You hear some strange, mumbled words.
The wolf closely misses you. The 11-headed hydra misses you.
The 11-headed hydra bites you.
* * * LOW HITPOINT WARNING * * *
The 11-headed hydra bites you!
* * * LOW HITPOINT WARNING * * *
The 11-headed hydra closely misses you. The 11-headed hydra misses you.
The 11-headed hydra bites you.
* * * LOW HITPOINT WARNING * * *
The 11-headed hydra bites you.
* * * LOW HITPOINT WARNING * * *
The 11-headed hydra bites you.
You die... 8%...♣ $....♣ !.... ♣t..♣ ♣tFh

♣hh♣ ♣Dh♣ ♣@♣
♣♣.♣ ♣♣. ♣..♣
♣.♣
♣..♣♣♣♣♣.♣
♣.♣♣♣..♣.♣♣♣
♣..♣♣......♣
♣♣.♣♣...♣..♣
♣.......♣.♣♣
♣.......♣..♣♣


You could see a 11-headed hydra, a polar bear, a spiny frog, 2 crocodiles and 3
wolves.

Vanquished Creatures
  3 death yaks
  A manticore (Lair:4)
  An elephant (Lair:5)
  A black mamba (Lair:3)
  A torpor snail (Lair:4)
  8 spiny frogs
  3 komodo dragons
  2 rime drakes (Lair:6)
  A troll (D:9)
  6 hornets
  A polar bear (Lair:6)
  4 hippogriffs
  4 blink frogs
  12 dream sheep
  A shadow (D:11)
  11 spriggans (Lair:6)
  A wyvern (Lair:5)
  35 yaks
  A basilisk (Lair:5)
  A hungry ghost (D:11)
  A warg (D:9)
  Menkaure (D:7)
  An acid dragon (D:11)
  7 porcupines
  11 water moccasins
  3 orc warriors
  A slave (D:3)
  5 black bears (Lair:6)
  3 phantoms
  19 wolves
  4 ogres
  3 boggarts (Lair:6)
  4 centaurs
  6 crocodiles
  2 big kobolds
  10 bullfrogs
  2 scorpions
  An electric eel (Lair:5)
  3 howler monkeys
  2 bullfrog zombies (D:9)
  5 crimson imps
  A quasit (D:7)
  A centaur zombie (D:7)
  3 hounds
  2 jellies
  5 orc priests
  7 orc wizards
  2 bullfrog skeletons
  2 centaur skeletons
  2 worker ants
  2 iguanas
  2 hound zombies
  2 hound skeletons
  Robin (D:3)
  2 worker ant zombies
  13 adders
  3 gnolls (D:6)
  A howler monkey skeleton (D:9)
  A shadow imp (D:5)
  2 oozes
  An adder zombie (D:6)
  An adder skeleton (D:5)
  7 worms
  A dart slug (D:1)
  3 leopard geckos
  38 orcs
  6 giant cockroaches
  11 goblins
  10 hobgoblins
  2 jackals (D:8)
  12 kobolds
  2 quokkas
  3 bats (D:2)
  7 frilled lizards
  5 rats
  2 fungi
  2 plants
359 creatures vanquished.

Vanquished Creatures (collateral kills)
  A fire dragon (Lair:3)
  4 hydras
  3 death yaks
  2 spiny frogs (Lair:6)
  2 komodo dragons
  2 blink frogs (Lair:3)
  2 hippogriffs
  A spriggan (Lair:3)
  A porcupine (Lair:3)
18 creatures vanquished.

Vanquished Creatures (others)
  7 fungi (Lair:6)
  A plant (Lair:4)
8 creatures vanquished.

Grand Total: 385 creatures vanquished

Notes
Turn   | Place    | Note
-------+----------+-------------------------------------------
     0 | D:1      | Jannitor the Vine Stalker Fighter began the quest for the
                  | Orb.
     0 | D:1      | Reached XP level 1. HP: 11/11 MP: 2/2
   289 | D:1      | Reached skill level 2 in Axes
   289 | D:1      | Reached XP level 2. HP: 11/16 MP: 3/3
   869 | D:2      | Reached XP level 3. HP: 6/20 MP: 2/4
  1615 | D:2      | Gained mutation: Your natural rate of healing is unusually
                  | fast. [Vine Stalker growth]
  1615 | D:2      | Reached XP level 4. HP: 8/24 MP: 3/5
  2366 | D:3      | Noticed Robin
  2381 | D:3      | Killed Robin
  2381 | D:3      | Reached XP level 5. HP: 19/28 MP: 6/6
  2621 | D:3      | Found a burning altar of Makhleb.
  2622 | D:3      | Found a radiant altar of Vehumet.
  2637 | D:3      | Became a worshipper of Makhleb the Destroyer
  2663 | D:3      | Reached skill level 3 in Axes
  2705 | D:3      | Found a hazy altar of Hepliaklqana.
  2893 | D:3      | Found an iron altar of Okawaru.
  3363 | D:4      | Reached XP level 6. HP: 25/33 MP: 4/7
  3423 | D:4      | Found a staircase to the Ecumenical Temple.
  3436 | D:4      | Noticed a slave
  3436 | D:4      | Noticed a slave
  3441 | D:4      | Noticed a slave
  3444 | D:4      | Noticed a slave
  3446 | D:4      | Noticed Pikel
  3470 | D:3      | Killed a slave
  3547 | D:5      | Entered Level 5 of the Dungeon
  3619 | D:5      | Reached skill level 1 in Invocations
  3652 | D:5      | Found Ciseow's Antique Weapon Shop.
  3692 | D:5      | Found Quopsen's Book Shoppe.
  3742 | D:5      | Noticed an ice beast
  3808 | D:5      | Found Cych's Distillery.
  3829 | D:5      | Bought a potion of curing for 42 gold pieces
  4316 | D:5      | Reached * piety under Makhleb
  4316 | D:5      | Reached skill level 1 in Dodging
  4316 | D:5      | Reached XP level 7. HP: 37/37 MP: 7/9
  4408 | D:5      | Found Adetexeh's Antique Weapon Shoppe.
  4441 | D:5      | Found a blossoming altar of Fedhas.
  4447 | D:5      | Found an iron altar of Okawaru.
  4450 | D:5      | Found a stormy altar of Qazlal.
  4481 | D:5      | Found Soaron's Antique Weapon Emporium.
  4656 | D:5      | Reached skill level 4 in Axes
  5002 | D:6      | Gained mutation: You have razor-sharp teeth. [Vine Stalker
                  | growth]
  5002 | D:6      | Reached XP level 8. HP: 42/42 MP: 10/10
  5111 | D:7      | Noticed Menkaure
  5112 | D:7      | Found a shimmering blue altar of Sif Muna.
  5117 | D:7      | Killed Menkaure
  5218 | D:7      | Found Civeber's Book Boutique.
  5401 | D:7      | Found a shadowy altar of Dithmenos.
  5407 | D:7      | Found a sacrificial altar of Ru.
  5408 | D:7      | Found a sparkling altar of Nemelex Xobeh.
  5500 | D:7      | Reached ** piety under Makhleb
  5504 | D:7      | HP: 1/42 [phantom (6)]
  5599 | D:7      | Reached skill level 5 in Axes
  5793 | D:8      | Reached skill level 5 in Shields
  5858 | D:8      | Reached XP level 9. HP: 46/46 MP: 12/12
  5868 | D:8      | Reached skill level 5 in Fighting
  5909 | D:8      | Found an ornate altar of the Wu Jian Council.
  6172 | D:8      | Noticed an angel
  6173 | D:8      | Found a glowing silver altar of Zin.
  6190 | D:8      | Found Aron's General Store.
  6193 | D:8      | Bought 2 scrolls of enchant armour for 180 gold pieces
  6338 | D:9      | Noticed a troll
  6343 | D:9      | HP: 1/47 [troll (9)]
  6513 | D:9      | Reached skill level 6 in Axes
  6714 | D:9      | Killed a troll
  6909 | D:9      | Found a staircase to the Orcish Mines.
  6928 | D:9      | HP: 2/47 [orc/+0 falchion (3)]
  7246 | D:9      | Reached skill level 5 in Armour
  7406 | D:9      | Reached *** piety under Makhleb
  7532 | D:10     | Entered Level 10 of the Dungeon
  7682 | D:9      | Reached XP level 10. HP: 53/53 MP: 10/14
  7693 | D:9      | Reached skill level 7 in Axes
  7758 | D:10     | Reached skill level 5 in Invocations
  8461 | D:11     | Found a staircase to the Lair.
  8760 | D:11     | Noticed a white ugly thing
  8987 | D:11     | Noticed a red ugly thing
  9011 | Lair:1   | Entered Level 1 of the Lair of Beasts
  9065 | Lair:1   | Reached skill level 8 in Axes
  9072 | Lair:1   | Reached **** piety under Makhleb
  9099 | Lair:1   | Found a runed translucent door.
  9268 | Lair:1   | Noticed zaran's ghost (journeyman DrTm)
  9490 | Lair:1   | Reached XP level 11. HP: 30/58 MP: 14/16
 10120 | Lair:2   | Noticed an eight-headed hydra
 10316 | Lair:3   | Reached skill level 5 in Dodging
 10511 | Lair:3   | You fall into a shaft and drop 1 floor!
 10512 | Lair:4   | Noticed a six-headed hydra
 10823 | Lair:3   | Noticed a five-headed hydra
 10835 | Lair:3   | Killed a five-headed hydra
 10835 | Lair:3   | Reached skill level 9 in Axes
 11114 | Lair:3   | Noticed a fire dragon
 11123 | Lair:3   | Gained mutation: You are somewhat resistant to further
                  | mutation. [potion of mutation]
 11123 | Lair:3   | Gained mutation: Your system is resistant to poisons.
                  | (rPois) [potion of mutation]
 11130 | Lair:3   | Killed a fire dragon
 11450 | Lair:4   | Gained mutation: You heal very quickly. [Vine Stalker
                  | growth]
 11450 | Lair:4   | Reached XP level 12. HP: 38/63 MP: 3/18
 11504 | Lair:4   | Noticed a death yak
 11504 | Lair:4   | Noticed a death yak
 11504 | Lair:4   | Noticed a death yak
 11505 | Lair:4   | Noticed a death yak
 11505 | Lair:4   | Noticed a death yak
 11506 | Lair:4   | Noticed a death yak
 11554 | Lair:4   | Killed a death yak
 11570 | Lair:4   | Killed a death yak
 11624 | Lair:3   | Killed a death yak
 11638 | Lair:3   | Killed a death yak
 11653 | Lair:3   | Killed a death yak
 11821 | Lair:4   | Reached skill level 10 in Axes
 11887 | Lair:4   | Killed a death yak
 11967 | Lair:4   | Killed a six-headed hydra
 11986 | Lair:4   | Found a staircase to the Shoals.
 12373 | Lair:5   | Found a staircase to the Slime Pits.
 12396 | Lair:5   | Found a viscous altar of Jiyva.
 12497 | Lair:5   | Identified 2 scrolls of acquirement
 12905 | Lair:5   | Noticed a seven-headed hydra
 12911 | Lair:5   | Killed a seven-headed hydra
 12993 | Lair:6   | Entered Level 6 of the Lair of Beasts
 12996 | Lair:6   | Noticed a four-headed hydra
 13005 | Lair:6   | Killed a four-headed hydra
 13005 | Lair:6   | Reached XP level 13. HP: 34/68 MP: 10/19
 13232 | Lair:6   | Reached skill level 11 in Axes
 13460 | Lair:6   | Reached ***** piety under Makhleb
 13601 | Lair:6   | HP: 3/70 [11-headed hydra[a boggart] (2)]
 13601 | Lair:6   | Slain by an 11-headed hydra

Levels and vault maps discovered:
D:1:      dpeg_arrival_pits, layout_loops_corners
D:2:      layout_basic, first_ration, grunt_ministairs_3, minmay_pentomino_x2
D:3:      layout_basic, grunt_temple_overflow_lords_of_destruction,
          marbit_many_paths, okawaru_metal_pillars_1_2, uniq_robin
D:4:      layout_basic, lemuel_round_altar, minmay_temple_entry_grid,
          hangedman_decor_push, uniq_pikel
D:5:      layout_basic, grunt_temple_overflow_diamond, serial_shops, shop, shop,
          shop, shop_coins, shop_statue
D:6:      minmay_clustersquares, layout_basic, uniq_edmund
D:7:      layout_rooms, led_sif_book, minitemple, serial_shops,
          nicolae_shop_stone, uniq_menkaure
D:8:      layout_rooms, lemuel_crystal_altar, zin_angel, serial_shops,
          kennysheep_mini
D:9:      layout_stronghold, david_orc_3
D:10:     layout_irregular_city
D:11:     layout_long_grid, dpeg_oklobed_lair
Lair:1:   layout_cave_pods, ebering_ghost_reflecting_pool, grunt_megastairs_4
Lair:2:   layout_misc_corridors, spider_nest_entry_webs,
          gammafunk_ghost_necromancy, uniq_fannar
Lair:3:   dragon1_lemuel, layout_concentric_octagons,
          grunt_forest_large_clearing_hut
Lair:4:   layout_gridlike, minmay_shoals_entry_beasts
Lair:5:   layout_gridlike, slime_altar_1, st_stairs_6
Lair:6:   minmay_lair_end_enchanted_forest, layout_loops_ring, minivault_11,
          columned_hall_lemuel, lemuel_fruit_tree

Skill      XL: |  1  2  3  4  5  6  7  8  9 10 11 12 13 |
---------------+----------------------------------------+-----
Axes           | 2 3 4 5 6 8 9 10 11 | 11.3
Fighting       | 3 4 5 6 7 8 |  8.8
Shields        | 3 4 5 6 7 8 |  8.9
Armour         | 3 4 5 6 7 8 |  8.0
Invocations    | 1 2 3 4 5 6 7 8 |  8.6
Dodging        | 1 2 3 4 5 6 7 |  7.2

Action                   |  1- 3 |  4- 6 |  7- 9 | 10-12 | 13-15 || total
-------------------------+-------+-------+-------+-------+-------++-------
Melee: War axe           |    73 |   220 |   323 |   310 |       ||   926
       Bite              |    14 |    58 |   100 |   200 |    48 ||   420
       Broad axe         |       |       |       |   219 |   197 ||   416
Throw: Dart              |       |     5 |     5 |       |       ||    10
Invok: Minor Destruction |       |       |       |    28 |       ||    28
       Lesser Servant of |       |       |       |    15 |       ||    15
Evoke: Wand              |       |       |     5 |    10 |       ||    15
  Use: Potion            |     1 |     2 |     6 |     3 |     1 ||    13
       Scroll            |       |       |    15 |     4 |     2 ||    21
 Stab: Invisible         |       |       |       |       |     6 ||     6
  Eat: Chunk             |     2 |     9 |    12 |    22 |     3 ||    48
Armor: Scale mail        |    20 |    85 |   135 |    37 |       ||   277
       Skin              |       |    13 |       |       |       ||    13
       Acid dragon scale |       |       |       |   132 |    87 ||   219
Dodge: Dodged            |    27 |    56 |   131 |   252 |   151 ||   617
Block: Kite shield       |    37 |   111 |   226 |   307 |   153 ||   834

Table legend:
 A = Non-vault XP
 B = Vault XP
 C = Vault XP percentage of total XP
 D = Non-vault monster count
 E = Vault monster count
 F = Vault count percentage of total count
                 A         B        C        D         E       F
            +---------+---------+-------+---------+---------+-------
      Total |   37076 |   10187 |  21.6 |     299 |      73 |  19.6
            +---------+---------+-------+---------+---------+-------
        D:1 |      14 |       0 |   0.0 |       8 |       0 |   0.0
        D:2 |      91 |      20 |  18.0 |      21 |       3 |  12.5
        D:3 |      65 |      91 |  58.3 |      20 |      14 |  41.2
        D:4 |      80 |       0 |   0.0 |      10 |       0 |   0.0
        D:5 |     541 |       0 |   0.0 |      19 |       0 |   0.0
        D:6 |     384 |       0 |   0.0 |      18 |       0 |   0.0
        D:7 |     518 |     169 |  24.6 |      14 |       1 |   6.7
        D:8 |    1002 |       0 |   0.0 |      18 |       0 |   0.0
        D:9 |    1478 |     333 |  18.4 |      20 |      10 |  33.3
       D:10 |    1636 |       0 |   0.0 |      13 |       0 |   0.0
       D:11 |    1355 |       0 |   0.0 |      19 |       0 |   0.0
     Lair:1 |     840 |     925 |  52.4 |       6 |       5 |  45.5
     Lair:3 |    7995 |    1723 |  17.7 |      32 |       4 |  11.1
     Lair:4 |    7048 |     526 |   6.9 |      26 |       2 |   7.1
     Lair:5 |    4362 |     505 |  10.4 |      22 |       1 |   4.3
     Lair:6 |    9667 |    5895 |  37.9 |      33 |      33 |  50.0
            +---------+---------+-------+---------+---------+-------
